 Dungeon Crawl Stone Soup version 0.25-a0-290-g4a1327ee3a (webtiles) character file.

Game seed: 3918635631033004873, levelgen mode: deterministic

42 Sloany the Skirmisher (level 3, -1/33 HPs)
             Began as a Minotaur Fighter on Dec 15, 2019.
             Slain by a quokka (4 damage)
             ... on level 2 of the Dungeon.
             The game lasted 00:04:09 (530 turns).

Sloany the Skirmisher (Minotaur Fighter)             Turns: 530, Time: 00:04:10

Health: -1/33      AC:  8    Str: 21    XL:     3   Next: 35%
Magic:  2/2        EV:  8    Int:  5    God:
Gold:   62         SH:  9    Dex:  9    Spells: 2/2 levels left

rFire    . . .     SeeInvis .   a - +0 war axe
rCold    . . .     Gourm    .   c - +0 shield
rNeg     . . .     Faith    .   b - +0 scale mail
rPois    .         Spirit   .   (helmet restricted)
rElec    .         Reflect  .   j - +0 cloak (curse)
rCorr    .         Harm     .   (no gloves)
MR       .....                  (no boots)
Stlth    ..........             (no amulet)
HPRegen  0.11/turn              (no ring)
MPRegen  0.08/turn              (no ring)

@: lethally poisoned (-1 -> -8)
A: retaliatory headbutt, horns 2
a: no special abilities


You were on level 2 of the Dungeon.
You were not hungry.

You visited 1 branch of the dungeon, and saw 2 of its levels.

You collected 62 gold pieces.

Inventory:

Hand Weapons
 a - a +0 war axe (weapon)
Armour
 b - a +0 scale mail (worn)
 c - a +0 shield (worn)
 e - a +0 cloak
 j - a cursed +0 cloak (worn)
Jewellery
 k - an uncursed ring of protection from cold {unknown}
Scrolls
 h - a scroll of enchant weapon {unknown}
 m - a scroll of enchant armour {unknown}
 n - a scroll of magic mapping {unknown}
Potions
 d - 2 potions of might
 g - a potion of lignification {unknown}
 i - a potion of heal wounds {unknown}
 l - a potion of ambrosia {unknown}
Comestibles
 f - 4 rations


   Skills:
 + Level 4.2 Fighting
 + Level 2.5 Axes
 + Level 3.8 Armour
 + Level 1.5 Dodging
 + Level 0.2 Stealth
 + Level 4.1 Shields


You had 2 spell levels left.
You didn't know any spells.
Your spell library was empty.

Dungeon Overview and Level Annotations

Branches:
Dungeon (2/15)

Altars:


Innate Abilities, Weirdness & Mutations

You reflexively headbutt those who attack you in melee.
You have a pair of horns on your head.


Message History

* * * LOW HITPOINT WARNING * * *
You feel sick. You block the worker ant's attack.
You hit the worker ant but do no damage.
You headbutt the worker ant.
You kill the worker ant!
Your Fighting skill increases to level 4!
Your Dodging skill increases to level 1!
You have reached level 3!
Your experience leads to an increase in your attributes!
Increase (S)trength, (I)ntelligence, or (D)exterity?
You feel stronger.
* * * LOW HITPOINT WARNING * * *
You feel sick. You block the quokka's attack.
You barely miss the quokka.
* * * LOW HITPOINT WARNING * * *
You feel sick. You block the quokka's attack. x2
You hit the quokka but do no damage. Your headbutt misses the quokka.
* * * LOW HITPOINT WARNING * * *
You feel sick. The quokka bites you.
You die...

#................#
#.#####...####...
#.........†..#.#
#..###(........# #..#
#.#####[..# ##..###.#
#...# #.......## #...#
.
#...##...####...###....
#...##.#.....$.@r).....
#.[.##...####..####....
#...............# ..
#.#.####)####...#
#.#.....<)....>..
#.######.###.###.#
##.######.# #. ..
..........# #.
.#.########


You could see a quokka.

Vanquished Creatures
  A worker ant (D:2)
  A leopard gecko (D:2)
  A ball python (D:1)
  4 bats
  3 giant cockroaches
  3 goblins
  2 frilled lizards (D:1)
  4 rats
19 creatures vanquished.

Notes
Turn   | Place    | Note
-------+----------+-------------------------------------------
     0 | D:1      | Sloany the Minotaur Fighter began the quest for the Orb.
     0 | D:1      | Reached XP level 1. HP: 19/19 MP: 0/0
   240 | D:1      | Reached XP level 2. HP: 27/27 MP: 1/1
   528 | D:2      | Reached skill level 1 in Dodging
   528 | D:2      | Reached XP level 3. HP: 6/33 MP: 2/2
   530 | D:2      | Slain by a quokka

Levels and vault maps discovered:
D:1:      lightli_arrival_farm, layout_rooms
D:2:      layout_loops_ring, lemuel_crystal_altar

Skill      XL: |  1  2 |
---------------+-------+-----
Shields        | 4 |  4.1
Fighting       | 4 |  4.2
Dodging        | 1 |  1.5
Axes           | |  2.5
Armour         | |  3.8
Stealth        | |  0.2

Action                   || total
-------------------------++-------
Melee: War axe           ||    57
       Headbutt          ||     3
Armor: Scale mail        ||    28
Dodge: Dodged            ||    19
Block: Shield            ||    33

Table legend:
 A = Non-vault XP
 B = Vault XP
 C = Vault XP percentage of total XP
 D = Non-vault monster count
 E = Vault monster count
 F = Vault count percentage of total count
                 A         B        C        D         E       F
            +---------+---------+-------+---------+---------+-------
      Total |      61 |       0 |   0.0 |      19 |       0 |   0.0
            +---------+---------+-------+---------+---------+-------
        D:1 |      19 |       0 |   0.0 |      13 |       0 |   0.0
        D:2 |      42 |       0 |   0.0 |       6 |       0 |   0.0
            +---------+---------+-------+---------+---------+-------
